 Dungeon Crawl Stone Soup version 0.30.0-10-gfe55d96785 (webtiles) character file.

Game seed: 11788575162359778229

264 qw the Chopper (level 6, 0/38 HPs)
             Began as a Gargoyle Fighter on May 14, 2023.
             Slain by Edmund
             ... wielding a +4 flail of venom
              (13 damage)
             ... on level 4 of the Dungeon.
             The game lasted 00:01:05 (2266 turns).

qw the Chopper (Gargoyle Fighter)                   Turns: 2266, Time: 00:01:06

Health: 0/38       AC: 14    Str: 22    XL:     6   Next: 19%
Magic:  6/6        EV:  9    Int:  8    God:
Gold:   105        SH:  4    Dex:  9    Spells: 5/5 levels left

rFire   . . .        Y - +0 war axe
rCold   . . .        c - +0 buckler
rNeg    + . .        e - +1 scale mail {rPois}
rPois   inf          o - +0 helmet
rElec   +            (no cloak)
rCorr   .            j - +0 pair of gloves
SInv    .            (no boots)
Will    +....        (no amulet) Stlth
                     h - ring of willpower
HPRegen 0.26/turn    (no ring)
MPRegen 0.10/turn

%: no passive effects
@: no status effects
A: sickness immunity, AC +4, negative energy resistance 1, electricity
resistance, torment resistance 1, petrification resistance
a: no special abilities


You were on level 4 of the Dungeon.
You visited 1 branch of the dungeon, and saw 4 of its levels.

You collected 105 gold pieces.


Innate Abilities, Weirdness & Mutations

You are immune to sickness and miasma.
Your stone body is resilient. (AC +4)
You are immune to poison.
You resist negative energy. (rN+)
You are resistant to electric shocks. (rElec)
You are resistant to unholy torment.
You are immune to petrification.


   Skills:
 - Level 4.0 Fighting
 + Level 5.2 Axes
 - Level 3.2 Armour
 - Level 1.0 Dodging
 - Level 3.2 Shields


You had 5 spell levels left.
You didn't know any spells.
Your spell library was empty.

Inventory:

Hand Weapons
 k - a +0 whip
 Y - a +0 war axe (weapon)
Missiles
 l - a boomerang (quivered)
Armour
 c - a +0 buckler (worn)
 e - a +1 scale mail of poison resistance (worn)
 j - a +0 pair of gloves (worn)
 o - a +0 helmet (worn)
Jewellery
 h - a ring of willpower (left hand)
Scrolls
 a - 2 scrolls of identify
Potions
 d - a potion of might
 f - 2 potions of attraction
 g - a potion of heal wounds
 i - 4 potions of curing
 n - a potion of mutation

Dungeon Overview and Level Annotations

Branches:
Dungeon (4/15)
 Temple: D:4-7

Altars:

Annotations:
D:4 Edmund


Message History

Edmund is lightly wounded.
Edmund hits you with a +4 flail of venom.
You slash Edmund!
Edmund is moderately wounded.
Edmund hits you but does no damage.
Edmund hits you with a +4 flail of venom.
You hit Edmund but do no damage.
Edmund is moderately wounded.
Edmund hits you but does no damage.
You slash Edmund!
Edmund is heavily wounded.
Edmund gestures with his flail.
Edmund hits you with a +4 flail of venom.
You hit Edmund.
Edmund is severely wounded.
You block Edmund's attack.
You barely miss Edmund.
Edmund is severely wounded.
Edmund hits you with a +4 flail of venom!
You block Edmund's attack.
You hit Edmund.
Edmund is severely wounded.
Edmund hits you with a +4 flail of venom!
You barely miss Edmund.
Edmund is severely wounded.
Edmund hits you with a +4 flail of venom.
You slash Edmund!
Edmund is almost dead.
You block Edmund's attack.
You closely miss Edmund.
Edmund is almost dead.
Edmund closely misses you.
Edmund hits you with a +4 flail of venom.
You hit Edmund.
Edmund is almost dead.
Edmund barely misses you.
You closely miss Edmund.
Edmund is almost dead.
Edmund hits you with a +4 flail of venom!
You die...

#.###.###.... #.###.#
#........... ......#
#....)..... #.#####
#......... #.# #........
#.#######.......
#..............#########
#%......................
#...............@@......
#......#####............
#......####..##.........
#......##...###.........
#......##'#####.........
#.......................
#.##......)......#######
#. #.......[.....# #
#.............


You could see Edmund.

Vanquished Creatures
  Sigmund (D:2)
  5 adders
  A worm (D:1)
  2 dart slugs
  An orc (D:3)
  4 ball pythons
  9 endoplasms
  3 giant cockroaches
  3 goblins
  6 hobgoblins
  4 jackals (D:2)
  A quokka (D:3)
  4 bats
  3 frilled lizards
  2 kobolds
  2 rats
51 creatures vanquished.

Notes
Turn   | Place    | Note
-------+----------+-------------------------------------------
     0 | D:1      | qw the Gargoyle Fighter began the quest for the Orb.
     0 | D:1      | Reached XP level 1. HP: 14/14 MP: 1/1
     0 | D:1      | 0 ||| qw: Version: 0.2-a-92-g8a84c4b
     0 | D:1      | 0 ||| qw: Game counter: 22
     0 | D:1      | 0 ||| qw: Always use a shield: true
     0 | D:1      | 0 ||| qw: God list: Okawaru
     0 | D:1      | 0 ||| qw: Allow faded altars: false
     0 | D:1      | 0 ||| qw: Do Orc after D:15 true
     0 | D:1      | 0 ||| qw: Do second Lair branch before Depths: true
     0 | D:1      | 0 ||| qw: Lair rune preference: random
     0 | D:1      | 0 ||| qw: Plans: Normal, Zot:1-4, God:TSO, Crypt, Tomb,
                  | Pan, Slime:5, Hells, Abyss, Win
     0 | D:1      | 0 ||| PLANNING D:1-11
   157 | D:1      | Reached skill level 2 in Axes
   370 | D:1      | Found a faded altar of an unknown god.
   416 | D:1      | Reached XP level 2. HP: 19/19 MP: 2/2
   438 | D:1      | 438 ||| Stepping ~*~*~tactically~*~*~ (stealth).
   523 | D:1      | 523 ||| Stepping ~*~*~tactically~*~*~ (stealth).
   886 | D:1      | 886 ||| UPGRADING to +0 pair of gloves.
   891 | D:1      | 891 ||| READING 2 scrolls labelled YMUGHOK ITA POCOE.
   892 | D:1      | 892 ||| DRINKING 2 black potions.
   953 | D:2      | 953 ||| STAIRDANCE
   963 | D:1      | Reached skill level 3 in Axes
  1035 | D:2      | Reached XP level 3. HP: 17/23 MP: 3/3
  1111 | D:2      | Noticed Sigmund
  1112 | D:2      | 1112 ||| Stepping ~*~*~tactically~*~*~ (hiding).
  1123 | D:2      | Killed Sigmund
  1124 | D:2      | Reached skill level 5 in Axes
  1124 | D:2      | Reached XP level 4. HP: 28/28 MP: 4/4
  1124 | D:2      | Reached XP level 5. HP: 32/32 MP: 5/5
  1557 | D:2      | 1557 ||| UPGRADING to ring of willpower.
  1558 | D:2      | 1558 ||| READING scroll labelled QOIFAI GEILU.
  1562 | D:2      | 1562 ||| DRINKING 2 smoky cyan potions.
  1563 | D:2      | 1563 ||| READING 2 scrolls of identify.
  1563 | D:2      | 1563 ||| IDENTIFYING fizzy red potion
  1564 | D:2      | 1564 ||| DROPPING potion of invisibility.
  1593 | D:3      | 1593 ||| Stepping ~*~*~tactically~*~*~ (stealth).
  1595 | D:3      | 1595 ||| Stepping ~*~*~tactically~*~*~ (stealth).
  1598 | D:3      | Reached XP level 6. HP: 38/38 MP: 6/6
  1787 | D:3      | 1787 ||| Stepping ~*~*~tactically~*~*~ (stealth).
  2122 | D:3      | 2122 ||| UPGRADING to +1 scale mail of poison resistance.
  2132 | D:3      | 2132 ||| DROPPING +0 scale mail.
  2133 | D:3      | 2133 ||| UPGRADING to +0 helmet.
  2138 | D:3      | 2138 ||| READING scroll labelled CAGIPE NYGIL.
  2139 | D:3      | 2139 ||| READING scroll labelled DUUFFE CAHAL.
  2140 | D:3      | 2140 ||| READING 3 scrolls of identify.
  2140 | D:3      | 2140 ||| IDENTIFYING white potion
  2205 | D:4      | 2205 ||| PLANNING OSSUARY
  2227 | D:4      | Reached skill level 1 in Dodging
  2250 | D:4      | Noticed Edmund
  2266 | D:4      | Slain by Edmund

Levels and vault maps discovered:
D:1:      elethiomel_arrival_maze, layout_basic, basic_ecumenical_altar
D:2:      layout_rooms, grunt_ministairs_13, serial_bayou_pond_d, uniq_sigmund
D:3:      layout_loops_cross
D:4:      layout_basic, nicolae_ossuary_entry_catacombs, uniq_blork_the_orc,
          uniq_edmund

Skill      XL: |  1  2  3  4  5  6 |
---------------+-------------------+-----
Axes           | 2 3 5 |  5.2
Fighting       | 4 |  4.0
Dodging        | 1 |  1.0
Armour         | |  3.2
Shields        | |  3.2

Action                     |  1- 3 |  4- 6 || total
---------------------------+-------+-------++-------
  Melee: War axe           |    80 |    80 ||   160
  Throw: Boomerang         |     3 |    47 ||    50
    Use: Scroll            |     1 |     5 ||     6
         Potion            |     1 |     1 ||     2
   Stab: Invisible         |       |     1 ||     1
 Armour: Scale mail        |    41 |    31 ||    72
  Dodge: Dodged            |    33 |    41 ||    74
  Block: Buckler           |    19 |    11 ||    30

Table legend:
 A = Non-vault XP
 B = Vault XP
 C = Vault XP percentage of total XP
 D = Non-vault monster count
 E = Vault monster count
 F = Vault count percentage of total count
                 A         B        C        D         E       F
            +---------+---------+-------+---------+---------+-------
      Total |     150 |     228 |  60.3 |      48 |       3 |   5.9
            +---------+---------+-------+---------+---------+-------
        D:1 |      33 |       0 |   0.0 |      16 |       0 |   0.0
        D:2 |      55 |     228 |  80.6 |      18 |       3 |  14.3
        D:3 |      60 |       0 |   0.0 |      13 |       0 |   0.0
        D:4 |       2 |       0 |   0.0 |       1 |       0 |   0.0
            +---------+---------+-------+---------+---------+-------
